 Dungeon Crawl Stone Soup version 0.30.1 (webtiles) character file.

Game seed: 8790289024750147321

159 Graphine the Sneak (level 5, 0/48 HPs)
             Began as a Kobold Brigand on July 4, 2023.
             Slain by a jelly (1 damage)
             ... in a sewer.
             The game lasted 00:04:08 (2034 turns).

Graphine the Sneak (Kobold Brigand)                 Turns: 2034, Time: 00:04:09

Health: 0/48       AC:  2    Str:  5 (8)  XL:     5   Next: 68%
Magic:  5/5        EV:  3    Int: 11 (13) God:
Gold:   180        SH:  0    Dex: 17 (18) Spells: 4/4 levels left

rFire   . . .        a - +2 dagger
rCold   . . .        (no shield)
rNeg    . . .        b - melded +0 robe
rPois   +            (helmet currently unavailable)
rElec   .            c - melded +0 cloak
rCorr   .            (gloves currently unavailable)
SInv    .            (boots currently unavailable)
Will    .....        (no amulet)
Stlth   ++++         f - +4 ring of protection
HPRegen 0.28/turn    g - ring of wizardry
MPRegen 0.09/turn

%: wizardry (x1)
@: mighty, tree-form, corroded, attractive
A: stationary, stasis, torment immunity, boosted hp, small, no large weapons,
nightstalker 3
a: no special abilities


You were in a sewer.
You were a tree.
You visited 1 branch of the dungeon, and saw 3 of its levels.
You also visited: Sewer.

You collected 180 gold pieces.

Inventory:

Hand Weapons
 a - a +2 dagger (weapon)
Missiles
 d - 13 poisoned darts (quivered)
 e - 3 curare-tipped darts
Armour
 b - a +0 robe (melded)
 c - a +0 cloak (melded)
Magical Staves
 j - a staff of death
Jewellery
 f - a +4 ring of protection (left branch)
 g - a ring of wizardry (right branch)
 n - an amulet of reflection
Wands
 l - a wand of iceblast (9)
 o - a wand of charming (9)
Scrolls
 m - a scroll of identify
Potions
 k - a potion of attraction
 q - 2 potions of lignification
 r - a potion of degeneration


   Skills:
 + Level 3.2 Fighting
 + Level 4.0 Short Blades
 + Level 3.3 Throwing
 + Level 2.8 Dodging
 + Level 6.2 Stealth


You had 4 spell levels left.
You didn't know any spells.
Your spell library contained the following spells:

 Spells                   Type           Power      Damage    Failure   Level
 Ozocubu's Armour         Ice            0%         N/A       38%         3
 Stone Arrow              Conj/Erth      0%         3d7       38%         3
 Animate Armour           Summ/Erth      0%         N/A       77%         4
 Metabolic Englaciation   Hex/Ice        0%         N/A       98%         5
 Simulacrum               Ice/Necr       0%         N/A       100%        6
 Lehudib's Crystal Spear  Conj/Erth      0%         10d2      100%        8


Dungeon Overview and Level Annotations

Branches:
Dungeon (3/15)              Sewer (1/1)

Altars:


Innate Abilities, Weirdness & Mutations

You are a tree.
Your roots penetrate the ground, keeping you stationary.
You cannot be teleported.
You are immune to unholy pain and torment.
Your maximum health is greatly increased.
Your equipment is partially melded.
You are small and have problems with some larger weapons.
You are completely attuned to the shadows.


Message History

The jelly is lightly wounded.
The jelly hits you but does no damage.
Hit: a) +2 dagger
Press: ? - help, Dir - move target, f/p - jelly
Aim: a jelly (lightly wounded, about 8% to evade your +2 dagger)
You hit the jelly but do no damage. The acid corrodes you!
Your branches burn!
* * * LOW HITPOINT WARNING * * *
The jelly is lightly wounded.
Unknown command.
It was a potion of attraction.
You feel attractive to monsters. The jelly hits you but does no damage.
It was a potion of degeneration.
There was something very wrong with that liquid.
You feel weakened.
You feel dopey.
You feel clumsy. The jelly hits you but does no damage.
It was a potion of flight.
Your roots keep you in place.
The jelly hits you but does no damage.
It was a potion of might.
You feel very mighty all of a sudden. The jelly hits you but does no damage.
It was a potion of curing.
You feel better. The jelly hits you.
* * * LOW HITPOINT WARNING * * *
The acid corrodes you!
You are splashed with acid.
* * * LOW HITPOINT WARNING * * *
Hit: a) +2 dagger
Press: ? - help, Dir - move target, f/p - jelly
Aim: a jelly (lightly wounded, about 9% to evade your +2 dagger)
You hit the jelly.
Your branches burn!
* * * LOW HITPOINT WARNING * * *
The jelly is moderately wounded.
The jelly hits you but does no damage.
Hit: a) +2 dagger
Press: ? - help, Dir - move target, f/p - jelly
Aim: a jelly (moderately wounded, about 9% to evade your +2 dagger)
You hit the jelly but do no damage.
Your branches burn!
* * * LOW HITPOINT WARNING * * *
The jelly is moderately wounded.
The jelly hits you.
You die...

## ##.~. #. #.~..
##. #.~# ###.~
####†.## ##~.~~
##......####..~~~
####.~~~....##~~~.##
##~J~..~###..~.~..##
####~.~♣~~##
##~.~~~##
###.~~..##..#
##.~..#
#.!.~..###~.#
~.~.~.# #_....~#
~..# .~..~~.
#...~..# #∩~.
~.~~~#.J #####..#
#.~.# .~.~


You could see a jelly.

Vanquished Creatures
  A jelly (Sewer)
  3 adders
  3 river rats (Sewer)
  2 dart slugs
  6 ball pythons
  3 endoplasms
  9 giant cockroaches
  3 goblins
  5 hobgoblins (D:2)
  6 jackals
  5 quokkas
  7 bats
  10 frilled lizards
  3 kobolds
66 creatures vanquished.

Notes
Turn   | Place    | Note
-------+----------+-------------------------------------------
     0 | D:1      | Graphine the Kobold Brigand began the quest for the Orb.
     0 | D:1      | Reached XP level 1. HP: 12/12 MP: 1/1
    64 | D:1      | Reached XP level 2. HP: 18/18 MP: 2/2
   789 | D:1      | Reached XP level 3. HP: 22/22 MP: 3/3
  1728 | D:3      | Reached XP level 4. HP: 27/27 MP: 4/4
  1841 | D:3      | Found a glowing drain.
  1883 | Sewer    | Entered a sewer
  1942 | Sewer    | Reached skill level 6 in Stealth
  1955 | Sewer    | Reached XP level 5. HP: 32/32 MP: 5/5
  1985 | Sewer    | Found a viscous altar of Jiyva.
  2034 | Sewer    | HP: 1/48 [acid (3)]
  2034 | Sewer    | Slain by a jelly

Illustrated notes

Levels and vault maps discovered:
D:1:      dpeg_arrival_another_circle, layout_basic
D:2:      layout_rooms, minmay_door_square, patterned_corridor
D:3:      layout_loops_ring, gup_sewer_entry_pipe
Sewer:    sewer_hellmonk_slimy_pipes

Skill      XL: |  1  2  3  4  5 |
---------------+----------------+-----
Short Blades   | 3 4 |  4.0
Dodging        | 2 |  2.8
Throwing       | 3 |  3.3
Fighting       | 3 |  3.2
Stealth        | 6 |  6.2

Action                     |  1- 3 |  4- 6 || total
---------------------------+-------+-------++-------
  Melee: Dagger            |    62 |    83 ||   145
         Punch             |       |     1 ||     1
    Use: Scroll            |     7 |       ||     7
         Potion            |       |     6 ||     6
   Stab: Sleeping          |    26 |    13 ||    39
 Armour: Robe              |     4 |    17 ||    21
         Skin              |       |    16 ||    16
  Dodge: Dodged            |    20 |    78 ||    98
